 Dungeon Crawl Stone Soup version 0.32-a0-818-gb728d0252e (webtiles) character file.

Game seed: 4436273504253795113

92064 jasper the Brawler (level 15, -7/146 HPs)
             Began as a Demonspawn Shapeshifter on Mar 23, 2024.
             Was an Initiate of Gozag.
             Mangled by a caustic shrike simulacrum (22 damage)
             ... on level 14 of the Dungeon.
             The game lasted 00:37:21 (23558 turns).

jasper the Brawler (Demonspawn Shapeshifter)       Turns: 23558, Time: 00:37:21

Health: -7/146     AC: 27    Str: 29    XL:     15   Next: 56%
Magic:  0/15       EV: 13    Int: 16    God:    Gozag
Gold:   3021       SH:  0    Dex: 14    Spells: 14/14 levels left

rFire   . .          .
                       - Unarmed
rCold   . . .        (shield currently unavailable)
rNeg    . . .        O - melded +1 animal skin
rPois   +            v - melded +2 helmet
rElec   .            W - melded +1 cloak {rPois}
rCorr   .            i - melded +0 pair of gloves
SInv    .            d - melded +1 pair of boots {Fly}
Will    +....        e - amulet of regeneration
Stlth   ++           B - +6 ring of strength
HPRegen 1.24/turn    L - ring of the Death Scarab {AC+4 Int+3}
MPRegen 0.28/turn

%: guardian spirit
@: snake-form, gold aura, sanguine armoured, wreathed by umbra, studying
Fighting
A: constrict, boosted hp, large, magic shield, magic regeneration, sanguine
armour 3, (weakness stinger 2), foul shadow 2
a: Begin Untransformation, Renounce Religion, Potion Petition, Call Merchant,
Bribe Branch


You were on level 14 of the Dungeon.
You worshipped Gozag.
Gozag was most pleased with you.
You were an enormous serpent.
You visited 3 branches of the dungeon, and saw 21 of its levels.
You also visited: Bailey.

You collected 6822 gold pieces.
You spent 3034 gold pieces at shops.
You paid 767 gold pieces to Gozag.

Inventory:

Missiles
 g - 140 stones (quivered)
 l - 70 poisoned darts
 D - 7 curare-tipped darts
 I - 2 throwing nets
Armour
 d - a +1 pair of boots of flying (melded)
 i - a +0 pair of gloves (melded)
 n - a +0 pair of gloves of dexterity
 p - a +0 kite shield
 v - a +2 helmet (melded)
 y - +0 swamp dragon scales
 F - a +1 pair of gloves of stealth
 O - a +1 animal skin (melded)
 W - a +1 cloak of poison resistance (melded)
Jewellery
 c - the amulet of the Hurling Saviour {Acrobat Int+6 Slay+2}
   (You found it on level 13 of the Dungeon)

   [amulet of the acrobat]

   Acrobat:   It increases your evasion while moving and waiting.
   Int+6:     It affects your intelligence (+6).
   Slay+2:    It affects your accuracy & damage with ranged weapons and melee
   (+2).
 e - an amulet of regeneration (around neck)
 j - a ring of see invisible
 r - a ring of fire
 B - a +6 ring of strength (left hand)
 L - the ring of the Death Scarab (right hand) {AC+4 Int+3}
   (You found it on level 2 of the Lair of Beasts)

   [ring of protection]

   AC+4:      It affects your AC (+4).
   Int+3:     It affects your intelligence (+3).
Talismans
 s - a blade talisman
 X - a serpent talisman (active)
Wands
 q - a wand of mindburst (5)
 u - a wand of charming (10)
 E - a wand of flame (50)
 G - a wand of digging (7)
 N - a wand of polymorph (13)
 Y - a wand of roots (8)
 Z - a wand of quicksilver (2)
Scrolls
 a - 2 scrolls of fear
 f - 10 scrolls of teleportation
 t - a scroll of revelation
 x - 2 scrolls of poison
 A - 5 scrolls of vulnerability
 J - 2 scrolls of fog
 P - 4 scrolls of immolation
 R - a scroll of blinking
 S - a scroll of identify
Potions
 b - a potion of heal wounds
 h - 6 potions of curing
 k - 3 potions of berserk rage
 m - 9 potions of enlightenment
 o - 6 potions of brilliance
 w - 2 potions of attraction
 z - 3 potions of resistance
 C - 5 potions of lignification
 H - a potion of invisibility
 K - 2 potions of might
 M - 3 potions of cancellation
 Q - a potion of mutation
 U - a potion of ambrosia
 V - 4 potions of haste
Miscellaneous
 T - a lightning rod (2/4)


   Skills:
 + Level 12.5 Fighting
 + Level 9.9 Dodging
 * Level 16.8 Unarmed Combat
 + Level 13.2 Shapeshifting


You had 14 spell levels left.
You didn't know any spells.
Your spell library contained the following spells:

 Spells                   Type           Power      Damage    Failure   Level
 Kiss of Death            Conj/Necr      0%         2d5       26%         1
 Shock                    Conj/Air       0%         1d3       26%         1
 Cigotuvi's Dreadful Rot  Necr/Alch/Air  0%         N/A       36%         2
 Lesser Beckoning         Tloc           0%         N/A       36%         2
 Scorch                   Fire           0%         2d5       36%         2
 Confusing Touch          Hex            0%         N/A       58%         3
 Gell's Gravitas          Tloc           0%         N/A       58%         3
 Summon Ice Beast         Ice/Summ       0%         N/A       58%         3
 Swiftness                Air            0%         N/A       58%         3
 Teleport Other           Tloc           0%         N/A       58%         3
 Airstrike                Air            0%         2d(0-16)  94%         4
 Anguish                  Hex/Necr       0%         N/A       94%         4
 Brom's Barrelling Bould  Conj/Erth      0%         2d3       94%         4
 Cause Fear               Hex            0%         N/A       94%         4
 Dispel Undead            Necr           0%         3d6       94%         4
 Flame Wave               Conj/Fire      0%         2d4       94%         4
 Martyr's Knell           Necr/Summ      0%         N/A       94%         4
 Fireball                 Conj/Fire      0%         3d3       100%        5
 Iskenderun's Battlesphe  Conj           0%         2d6       100%        5
 Summon Mana Viper        Hex/Summ       0%         N/A       100%        5
 Conjure Ball Lightning   Conj/Air       0%         3x3d6     100%        6
 Summon Cactus Giant      Summ           0%         N/A       100%        6
 Enfeeble                 Hex            0%         N/A       100%        7
 Monstrous Menagerie      Summ           0%         N/A       100%        7
 Orb of Destruction       Conj           0%         9d5       100%        7


Dungeon Overview and Level Annotations

Branches:
Dungeon (14/15)            Temple (0/1) D:4            Lair (5/5) D:10
 Shoals (0/4) Lair:2        Snake (0/4) Lair:3        Slime (0/5) Lair:4
    Orc (2/2) D:12            Elf (0/3) Orc:2        Vaults (0/5) D:14
 Bailey (visited)

Altars:
Gozag
Kikubaaqudgha
Trog
Xom
Yredelemnul

Shops:
D:3 [   D:4 *   D:14 *   Orc:2 :[?!

Portals:
Pandemonium: Orc:2

Annotations:
D:8 1 runed translucent door, idiolect's ghost, novice DjMo
Lair:1 2 transporters, exclusion: oklob plant, Biggs's ghost, novice TrFi


Innate Abilities, Weirdness & Mutations

You are an enormous serpent.
You have a powerful constriction melee attack.
Your maximum health is increased.
Your armour is entirely melded.
You are incapable of wielding weapons or throwing items.
When hurt, damage is shared between your health and your magic reserves.
You regenerate magic rapidly.
When seriously injured, your blood forms very thick armour. (AC +12)
((You have a tail ending in a sharp stinger.))
You are shadowed, sometimes releasing foul flame when damaged in melee.


Message History

You hit the death yak but do no damage.
The death yak is heavily wounded.
You constrict the death yak. The death yak gores you.
The death yak is seared by the foul flame within you.
The death yak is severely wounded.
You take 2 damage, and have 116/146 hp.
You body-slam the death yak!!
You kill the death yak!
You hit the caustic shrike simulacrum but do no damage.
Your grab misses the caustic shrike simulacrum.
The caustic shrike simulacrum claws you!!
The caustic shrike simulacrum freezes you!!
You feel yourself slow down.
Your blood congeals into armour.
The caustic shrike simulacrum is seared by the foul flame within you.
The caustic shrike simulacrum resists.
The caustic shrike simulacrum is lightly damaged.
You take 45 damage, and have 72/146 hp.
MASSIVE DAMAGE!!
You now have 10/15 mp.
You closely miss the caustic shrike simulacrum.
You grab the caustic shrike simulacrum.
The caustic shrike simulacrum is lightly damaged.
You constrict the caustic shrike simulacrum!
The caustic shrike simulacrum claws you but does no damage.
The caustic shrike simulacrum claws you!
The caustic shrike simulacrum freezes you!!!
* * * LOW HITPOINT WARNING * * *
You take 56 damage, and have 16/146 hp.
MASSIVE DAMAGE!!
You now have 2/15 mp.
You hit the caustic shrike simulacrum.
The caustic shrike simulacrum is moderately damaged.
You feel yourself speed up.
You constrict the caustic shrike simulacrum!
The caustic shrike simulacrum claws you but does no damage. x2
You regained 2 hp, and now have 18/146 hp.
You lash the caustic shrike simulacrum!
The caustic shrike simulacrum is severely damaged.
You constrict the caustic shrike simulacrum.
The caustic shrike simulacrum claws you.
* * * LOW HITPOINT WARNING * * *
The caustic shrike simulacrum freezes you!!
You die...
Your body crumbles into a pile of gold.

##+#.##.......○##p.p.#
#.#..(......○.##....#
#.#).#....)...##....#
#∩#)####..........#.#
#.≈)## #......#....##
#.≈[.##...##..##...#
#<#[..$....#..##....
#.##......[..####...#
#.##S#####.... ..
#+##Z# #.# ... ##...
~~~~W ~~~~~~ ~≈~~~~~
.~.....~~


You could see a caustic shrike simulacrum.

Vanquished Creatures
  Gastronok (Lair:3)
  A reaper (D:14)
  Azrael (D:13)
  Josephine (D:13)
  Snorg (Orc:1)
  Fannar (D:12)
  A rakshasa (D:12)
  7 vault guards (D:14)
  2 hydras
  A boulder beetle (D:12)
  A catoblepas (Lair:2)
  3 centaur warriors
  6 two-headed ogres
  5 orc high priests (Orc:2)
  7 death yaks
  2 hell hogs (Lair:5)
  2 sun demons (Orc:2)
  3 skysharks
  4 skeletal warriors (D:14)
  A harpy (shapeshifter) (D:12)
  A lindwurm (Lair:5)
  3 obsidian bats
  6 orc knights (Orc:2)
  6 ugly things
  4 cyclopes
  3 deep elf pyromancers
  3 manticores
  8 orc sorcerers (Orc:2)
  2 molten gargoyles (Lair:5)
  4 elephants (Lair:5)
  8 black mambas
  8 kobold blastminers (Orc:2)
  2 gargoyles
  Maggie (D:6)
  4 kobold demonologists (D:11)
  2 unseen horrors
  5 rime drakes
  10 cane toads
  An efreet (D:12)
  An ice devil (Orc:2)
  13 komodo dragons
  A freezing wraith (D:14)
  A hornet (D:8)
  5 trolls
  An alligator simulacrum (D:14)
  2 polar bears
  10 dream sheep
  19 blink frogs
  A water elemental (D:13)
  6 slime creatures (D:12)
  Sigmund (D:2)
  6 wraiths (D:13)
  3 shadows
  11 wyverns
  2 spriggans (Bailey)
  2 basilisks
  23 yaks
  A hog (shapeshifter) (D:12)
  Grum (D:8)
  2 fire elementals (D:14)
  A warg (Orc:1)
  3 steam dragons
  11 vampire mosquitoes
  4 nagas (Lair:3)
  7 hell hounds
  An acid dragon (D:9)
  9 water moccasins
  A sky beast (D:7)
  22 orc warriors
  2 ice beasts (D:7)
  4 black bears
  12 ogres
  17 wolves
  12 centaurs
  4 phantoms
  9 kobold brigands
  5 scorpions
  9 bullfrogs
  2 gnoll sergeants
  An entropy weaver simulacrum (D:14)
  9 wights
  A lindwurm simulacrum (D:14)
  2 howler monkeys (D:9)
  3 electric eels
  6 lava snakes
  A bombardier beetle (D:5)
  A jelly (D:4)
  15 orc priests
  5 hounds
  4 iguanas (D:5)
  A sleepcap (D:8)
  Ijyb (D:5)
  17 orc wizards
  Terence (D:1)
  12 gnolls
  13 adders
  A shadow imp (D:5)
  2 ufetubi (D:5)
  A ribbon worm (D:5)
  2 dart slugs
  57 orcs
  8 endoplasms
  4 giant cockroaches
  9 goblins
  9 hobgoblins
  4 quokkas
  2 ball pythons
  4 bats
  A frilled lizard (D:2)
  23 kobolds
  3 rats
602 creatures vanquished.

Vanquished Creatures (collateral kills)
  Robin (D:5)
  A hobgoblin (D:5)
2 creatures vanquished.

Vanquished Creatures (others)
  A molten gargoyle (Lair:5)
  An ogre (D:7)
  A hobgoblin (D:5)
3 creatures vanquished.

Grand Total: 607 creatures vanquished

Notes
Turn   | Place    | Note
-------+----------+-------------------------------------------
     0 | D:1      | jasper the Demonspawn Shapeshifter began the quest for the
                  | Orb.
     0 | D:1      | Reached XP level 1. HP: 15/15 MP: 1/1
   488 | D:1      | Gained mutation: You have a small tail. [demonic ancestry]
   488 | D:1      | Reached XP level 2. HP: 22/22 MP: 2/2
   806 | D:2      | Noticed Sigmund
   820 | D:2      | Killed Sigmund
   821 | D:2      | Reached skill level 5 in Fighting
   821 | D:2      | Gained mutation: When seriously injured, your blood forms
                  | armour. (AC +12) [demonic ancestry]
   821 | D:2      | Reached XP level 3. HP: 33/33 MP: 3/3
   821 | D:2      | Gained mutation: You are faintly shadowed, very rarely
                  | releasing foul flame when damaged in melee. [demonic
                  | ancestry]
   821 | D:2      | Reached XP level 4. HP: 39/39 MP: 4/4
   821 | D:2      | Gained mutation: When seriously injured, your blood forms
                  | thick armour. (AC +12) [demonic ancestry]
   821 | D:2      | Reached XP level 5. HP: 44/44 MP: 5/5
  1115 | D:2      | Noticed Terence
  1135 | D:1      | Killed Terence
  1136 | D:1      | Reached skill level 3 in Unarmed Combat
  1444 | D:2      | Identified the +2 dagger "Baek" {freeze, rPois rC+ Will+
                  | Dex+2}
  1453 | D:2      | Identified the +1 leather armour "Sequh" {rF+}
  1705 | D:3      | Found Hetuponi's Armour Emporium.
  1942 | D:3      | Gained mutation: You have a tail ending in a sharp stinger.
                  | [demonic ancestry]
  1942 | D:3      | Reached XP level 6. HP: 49/51 MP: 6/6
  2344 | D:4      | Reached skill level 4 in Unarmed Combat
  2438 | D:4      | Reached skill level 5 in Unarmed Combat
  2592 | D:4      | Gained mutation: You regenerate magic rapidly. [demonic
                  | ancestry]
  2592 | D:4      | Reached XP level 7. HP: 28/56 MP: 7/7
  2758 | D:4      | Reached skill level 6 in Unarmed Combat
  2858 | D:4      | Found Gozag's Platinum Reserve.
  2880 | D:4      | Found an opulent altar of Gozag.
  2998 | D:4      | Reached skill level 7 in Unarmed Combat
  3023 | D:4      | Became a worshipper of Gozag Ym Sagoz the Greedy
  3064 | D:4      | Found a staircase to the Ecumenical Temple.
  3094 | D:4      | Found a basalt altar of Yredelemnul.
  3425 | D:5      | Entered Level 5 of the Dungeon
  3438 | D:5      | Reached XP level 8. HP: 58/62 MP: 8/8
  3573 | D:5      | Reached skill level 8 in Unarmed Combat
  3761 | D:5      | Found an ancient bone altar of Kikubaaqudgha.
  3809 | D:5      | Noticed Ijyb
  3810 | D:5      | Noticed Robin
  3820 | D:5      | Killed Robin
  3831 | D:5      | Killed Ijyb
  4071 | D:5      | Reached skill level 9 in Unarmed Combat
  4945 | D:6      | Noticed Maggie
  4953 | D:6      | Reached skill level 10 in Unarmed Combat
  4963 | D:6      | Killed Maggie
  4964 | D:6      | Gained mutation: You are shadowed, sometimes releasing foul
                  | flame when damaged in melee. [demonic ancestry]
  4964 | D:6      | Reached XP level 9. HP: 43/68 MP: 9/9
  5953 | D:7      | Found a shimmering altar of Xom.
  5995 | D:7      | Reached skill level 5 in Shapeshifting
  6795 | D:8      | Gained mutation: When seriously injured, your blood forms
                  | very thick armour. (AC +12) [demonic ancestry]
  6795 | D:8      | Reached XP level 10. HP: 50/74 MP: 10/10
  6920 | D:8      | Found a flagged portal.
  6928 | Bailey   | Entered a bailey
  7203 | Bailey   | Noticed a two-headed ogre
  7218 | Bailey   | Killed a two-headed ogre
  7867 | D:8      | Noticed a two-headed ogre
  7878 | D:8      | Killed a two-headed ogre
  8098 | D:8      | Noticed Grum
  8109 | D:8      | Killed Grum
  8121 | D:8      | Reached skill level 10 in Shapeshifting
  8248 | D:8      | Found a runed translucent door.
  8568 | D:8      | Noticed idiolect's ghost (novice DjMo)
  8748 | D:9      | Noticed a two-headed ogre
  8768 | D:9      | Killed a two-headed ogre
  8769 | D:9      | Reached XP level 11. HP: 36/81 MP: 11/11
  9665 | D:10     | Entered Level 10 of the Dungeon
  9762 | D:10     | Reached skill level 11 in Unarmed Combat
 10120 | D:10     | Found a staircase to the Lair.
 10383 | D:10     | Noticed a two-headed ogre
 10391 | D:10     | Killed a two-headed ogre
 10552 | D:10     | Found a bloodstained altar of Trog.
 11166 | D:3      | Bought a +1 cloak of poison resistance for 162 gold pieces
 11374 | Lair:1   | Entered Level 1 of the Lair of Beasts
 11393 | D:11     | Noticed a two-headed ogre
 11413 | D:11     | Killed a two-headed ogre
 11703 | D:11     | Noticed a cyan ugly thing
 11709 | D:11     | Killed a cyan ugly thing
 12308 | D:11     | Noticed a soul eater
 12582 | D:11     | Reached skill level 12 in Unarmed Combat
 13132 | Lair:1   | Reached XP level 12. HP: 91/91 MP: 12/12
 13142 | Lair:1   | Found a transporter.
 13466 | Lair:1   | Reached skill level 5 in Dodging
 13513 | Lair:1   | Found a transporter.
 13514 | Lair:1   | Noticed Biggs's ghost (novice TrFi)
 14108 | Lair:2   | Noticed a catoblepas
 14127 | Lair:2   | Killed a catoblepas
 14344 | Lair:2   | Found a staircase to the Shoals.
 14364 | Lair:2   | Reached skill level 13 in Unarmed Combat
 14435 | Lair:2   | Identified the ring of the Death Scarab {AC+4 Int+3}
 14872 | Lair:3   | You fall into a shaft and drop 1 floor!
 14874 | Lair:4   | Found a staircase to the Slime Pits.
 14928 | Lair:3   | Found a staircase to the Snake Pit.
 15041 | Lair:3   | Noticed a four-headed hydra
 15061 | Lair:3   | Killed a four-headed hydra
 15421 | Lair:3   | Noticed Gastronok
 15430 | Lair:3   | Killed Gastronok
 15431 | Lair:3   | Reached XP level 13. HP: 99/99 MP: 13/13
 16624 | Lair:5   | Entered Level 5 of the Lair of Beasts
 16998 | Lair:5   | Reached skill level 14 in Unarmed Combat
 17253 | Lair:5   | Found a large runed translucent door.
 17253 | Lair:5   | Found a large runed translucent door.
 17964 | Lair:5   | Reached skill level 10 in Fighting
 18167 | Lair:5   | Gained mutation: When hurt, damage is shared between your
                  | health and your magic reserves. [demonic ancestry]
 18167 | Lair:5   | Reached XP level 14. HP: 85/110 MP: 14/14
 18206 | Lair:5   | Reached skill level 15 in Unarmed Combat
 18617 | D:12     | Noticed Fannar
 18627 | D:12     | Killed Fannar
 18708 | D:12     | Found a staircase to the Orcish Mines.
 19442 | Orc:1    | Entered Level 1 of the Orcish Mines
 19532 | Orc:1    | Noticed Snorg
 19552 | Orc:1    | Killed Snorg
 19789 | Orc:2    | Entered Level 2 of the Orcish Mines
 20058 | Orc:2    | Paralysed by an orc sorcerer for 4 turns
 20115 | Orc:2    | Found Kacott's Magic Scroll Shoppe.
 20127 | Orc:2    | Found Abyhatex's Distillery.
 20259 | Orc:2    | Bought a scroll of teleportation for 42 gold pieces
 20259 | Orc:2    | Bought a scroll of fog for 56 gold pieces
 20259 | Orc:2    | Bought a scroll of teleportation for 42 gold pieces
 20259 | Orc:2    | Bought a scroll of vulnerability for 56 gold pieces
 20259 | Orc:2    | Bought 3 scrolls of identify for 84 gold pieces
 20262 | Orc:2    | Bought a scroll of identify for 28 gold pieces
 20265 | Orc:2    | Bought a potion of lignification for 45 gold pieces
 20265 | Orc:2    | Bought a potion of berserk rage for 75 gold pieces
 20265 | Orc:2    | Bought 2 potions of resistance for 300 gold pieces
 20265 | Orc:2    | Bought a potion of curing for 45 gold pieces
 20265 | Orc:2    | Bought a potion of curing for 45 gold pieces
 20265 | Orc:2    | Bought 2 potions of heal wounds for 150 gold pieces
 21041 | Orc:2    | Reached skill level 16 in Unarmed Combat
 21041 | Orc:2    | Found a staircase to the Elven Halls.
 21650 | Orc:2    | Found Tauta's Antique Armour Boutique.
 21650 | Orc:2    | Found Tuissooh's Book Shop.
 21651 | Orc:2    | Found a one-way gate leading to the halls of Pandemonium.
 21653 | Orc:2    | Bought a pair of runed boots for 187 gold pieces
 21653 | Orc:2    | Bought a glowing helmet for 187 gold pieces
 21653 | Orc:2    | Bought a pair of glowing gloves for 187 gold pieces
 21655 | Orc:2    | Bought a manual of Fighting for 1200 gold pieces
 21806 | D:12     | Reached XP level 15. HP: 107/119 MP: 12/15
 21939 | D:13     | Identified the amulet of the Hurling Saviour {Acrobat Int+6
                  | Slay+2}
 22026 | D:13     | Noticed Josephine
 22037 | D:13     | Killed Josephine
 22614 | D:14     | Found Dinkanev's General Store.
 22621 | D:14     | Bought a potion of curing for 39 gold pieces
 22621 | D:14     | Bought a scroll of immolation for 52 gold pieces
 22621 | D:14     | Bought a scroll of vulnerability for 52 gold pieces
 22722 | D:14     | Noticed Azrael
 22732 | D:14     | Found a gate to the Vaults.
 22763 | D:13     | Killed Azrael
 23273 | D:14     | HP: 4/146 [alligator simulacrum (6)]
 23558 | D:14     | Mangled by a caustic shrike simulacrum

Illustrated notes

Levels and vault maps discovered:
D:1:      dpeg_arrival_round_a, layout_basic
D:2:      layout_rooms, kennysheep_path_1, chequers_serial_rivers_micro_c,
          uniq_sigmund, uniq_terence
D:3:      layout_rooms, serial_shops, shop, hex_large,
          nicolae_figureground_sparkle
D:4:      layout_cave_pools, lemuel_tele_altar, nicolae_gozag_zags_fifth_avenue,
          minmay_temple_entry_glass, small_statue_alley_b,
          minmay_a_box_with_orc_wizards_in_it
D:5:      layout_layer_cave, mainiacjoe_overflow_24_doors, st_stairs_11,
          grunt_ministairs_11, nicolae_goblin_pals
D:6:      layout_loops_corners, nicolae_letterblocks [nicolae_letter_subblock,
          nicolae_letter_subblock, nicolae_letter_subblock,
          nicolae_letter_subblock, nicolae_letter_subblock,
          nicolae_letter_subblock, nicolae_letter_subblock,
          nicolae_letter_subblock, nicolae_letter_subblock,
          nicolae_letter_subblock, nicolae_letter_subblock,
          nicolae_letter_subblock, nicolae_letter_subblock,
          nicolae_letter_subblock, nicolae_letter_subblock,
          nicolae_letter_subblock, nicolae_letter_subblock,
          nicolae_letter_subblock, nicolae_letter_subblock,
          nicolae_letter_subblock, nicolae_letter_subblock,
          nicolae_letter_subblock, nicolae_letter_subblock,
          nicolae_letter_subblock, nicolae_letter_subblock], uniq_maggie
D:7:      nicolae_BIG_FREAKIN_CUBE, layout_loops_cross, xom_confusion_cloud,
          kennysheep_big_empty_room
D:8:      layout_loops_ring, enter_bailey_2, ebering_ghost_reflecting_pool,
          minivault_1, uniq_grum
D:9:      layout_basic
D:10:     layout_irregular_city, nicolae_overflow_crystal_walls,
          erik_lair_island
D:11:     layout_long_grid, serial_rivers, chequers_serial_rivers_room_a,
          chequers_serial_rivers_small_3, chequers_serial_rivers_room_a,
          chequers_serial_rivers_micro_c, chequers_serial_rivers_large_b
D:12:     layout_long_grid, david_orc_2, uniq_fannar
D:13:     minmay_ambush_box, layout_basic, uniq_josephine
D:14:     dreamdust_isle_of_ice, layout_cave_pools, erik_vaults_2, serial_shops,
          nicolae_shop_hallway_stairs, hex_tiny, uniq_agnes, uniq_azrael
Lair:1:   layout_long_grid, nzn_ghost_randoct
Lair:2:   layout_misc_corridors, elwin_shoals_entry_rocks, grunt_megastairs_3
Lair:3:   layout_layer_cave, minmay_snake_entry_guardpost_small,
          infiniplex_staircase_pool, serial_bayou_shore_a, uniq_gastronok
Lair:4:   layout_regular_city, slime_entry_1
Lair:5:   cheibrodos_lair_end_hotspot, layout_gridlike, serial_bayou_shore_b
Orc:1:    layout_diamond_mine, uniq_snorg
Orc:2:    pf_orc_diabolical, layout_caves

Skill      XL: |  1  2  3  4  5  6  7  8  9 10 11 12 13 14 15 |
---------------+----------------------------------------------+-----
Fighting       | 2 5 7 8 10 11 12 | 12.5
Unarmed Combat | 3 5 7 10 12 13 14 16 | 16.8
Shapeshifting  | 7 10 11 12 13 | 13.2
Dodging        | 2 4 6 7 9 |  9.9

Action                     |  1- 3 |  4- 6 |  7- 9 | 10-12 | 13-15 || total
---------------------------+-------+-------+-------+-------+-------++-------
  Melee: Unarmed           |    30 |   179 |   312 |   481 |   815 ||  1817
         Tailslap          |       |    27 |    42 |    40 |       ||   109
         Punch             |       |     4 |    21 |    15 |       ||    40
         Constrict         |       |       |       |    50 |   172 ||   222
  Throw: Stone             |     4 |     1 |       |     4 |       ||     9
 Invoke: Potion Petition   |       |       |       |       |     1 ||     1
Ability: Begin Untransform |       |       |     1 |       |       ||     1
  Evoke: Wand              |       |       |     6 |     9 |     3 ||    18
         Lightning rod     |       |       |       |     4 |     6 ||    10
    Use: Scroll            |     4 |     2 |     7 |     7 |     8 ||    28
         Potion            |     1 |       |       |     3 |     6 ||    10
   Stab: Distracted        |       |     1 |     2 |     1 |     4 ||     8
         Sleeping          |       |     1 |       |       |     2 ||     3
         Betrayed ally     |       |       |     1 |       |       ||     1
         Petrified         |       |       |       |     2 |       ||     2
 Armour: Animal skin       |     2 |    21 |       |   113 |       ||   136
         Skin              |     4 |       |       |   156 |   707 ||   867
         Leather armour    |       |   114 |   104 |       |       ||   218
         Swamp dragon scal |       |       |    65 |    73 |       ||   138
         Ring mail         |       |       |       |     5 |       ||     5
  Dodge: Dodged            |     8 |   129 |   199 |   277 |   424 ||  1037
   Form: Blade             |       |       |       |     1 |     2 ||     3
         Serpent           |       |       |       |     1 |     2 ||     3

Table legend: (Time is in decaauts)
 A = Elapsed time spent in this place.
 B = Non-inter-level travel time spent in this place.
 C = Inter-level travel time spent in this place.
 D = Time resting spent in this place.
 E = Time spent auto-exploring this place.
 F = Levels seen in this place.
 G = Mean time per level.
                   A        B        C        D        E       F      G
               +--------+--------+--------+--------+--------+-----+--------+
         Total |  23238 |  21991 |   1247 |   3427 |  13731 |  22 | 1056.3 |
       Dungeon |  14887 |  13973 |    914 |   2167 |   8846 |  14 | 1063.4 |
          Lair |   5498 |   5252 |    246 |    444 |   3631 |   5 | 1099.6 |
  Orcish Mines |   2261 |   2175 |     86 |    615 |   1021 |   2 | 1130.5 |
        Bailey |    589 |    589 |      0 |    200 |    232 |   1 |  589.0 |
               +--------+--------+--------+--------+--------+-----+--------+

Top non-repeatable levels by time:
   Orc:2: 1897 daAuts
  Lair:5: 1701 daAuts
    D:10: 1583 daAuts
     D:5: 1373 daAuts
    D:11: 1350 daAuts
     D:8: 1330 daAuts
    D:13: 1255 daAuts
  Lair:1: 1169 daAuts
  Lair:3: 1146 daAuts
     D:4: 1132 daAuts
     D:7: 1111 daAuts
     D:9: 1050 daAuts
     D:6: 948 daAuts
    D:12: 938 daAuts
     D:1: 922 daAuts
